Map: Lockdown LE

Players

RipNHammer

  • Race: Terran Terran
  • League: Master
  • Spawn Location: 7:00

ViruS - Winner!

  • Race: Zerg Zerg
  • League: Grandmaster
  • Spawn Location: 1:00

VOD

Have the link to the VOD?

Description

Time

  • Played on: Sept. 6, 2026, 4:11 p.m.
  • Length: 15:57
Show
View Real Time Build Order
Export as new Build Order

RipNHammer Terran 

Build Orders: Reaper Expand 

Get SALT Encoding   

  8  0:00  SCV  
  9  0:12  SCV  
  10  0:24  SCV  
  11  0:37  SCV  
  11  0:39  Supply Depot  
  12  0:49  SCV  
  13  0:55  Refinery  
  13  1:01  SCV  
  14  1:04  Barracks  
  14  1:13  SCV  
  15  1:25  SCV  
  16  1:37  SCV  
  17  1:51  Reaper  
  17  1:52  Orbital Command  
  18  2:05  Command Center  
  18  2:18  SCV  
  19  2:24  Factory  
  19  2:31  SCV, Refinery  
  19  2:34  Barracks Reactor  
  20  2:43  Supply Depot  
  20  2:46  SCV  
  21  3:04  SCV  
  22  3:09  Starport  
  22  3:20  Orbital Command  
  22  3:22  Hellion x2  
  22  3:25  SCV  
  27  3:37  SCV  
  27  3:41  Refinery  
  28  3:46  Hellion x2  
  32  3:49  SCV  
  32  3:51  SCV  
  34  4:00  Viking  
  36  4:05  Fusion Core  
  36  4:09  SCV  
  38  4:10  SCV  
  38  4:21  SCV  
  39  4:24  Starport  
  39  4:28  SCV, Supply Depot  
  40  4:33  Starport Tech Lab  
  40  4:41  SCV x2  
  42  4:49  Refinery  
  42  4:53  SCV  
  42  4:54  SCV  
  44  5:00  Battlecruiser  
  50  5:07  Supply Depot  
  50  5:09  Starport Tech Lab  
  50  5:26  Supply Depot  
  50  5:29  SCV x2  
  50  5:41  SCV x2  
  49  5:52  Battlecruiser  
  49  5:55  SCV x2  
  57  6:04  Engineering Bay  
  57  6:22  SCV x2  
  59  6:26  Battlecruiser  
  59  6:28  Weapon Refit  
  65  6:34  SCV  
  66  6:40  SCV  
  66  6:41  Supply Depot  
  63  6:57  Battlecruiser  
  66  7:07  Hellion x2  
  66  7:08  SCV  
  71  7:15  SCV  
  72  7:18  Factory  
  72  7:19  Factory  
  72  7:20  SCV  
  73  7:25  Command Center  
  73  7:30  Hellion  
  73  7:35  Battlecruiser  
  79  7:44  SCV  
  79  7:45  SCV  
  81  7:54  Supply Depot  
  81  7:55  Supply Depot  
  81  7:56  SCV  
  82  8:01  Supply Depot  
  82  8:04  SCV  
  83  8:09  SCV  
  83  8:10  Engineering Bay  
  84  8:22  SCV x2  
  86  8:29  Missile Turret  
  86  8:32  Missile Turret  
  86  8:34  Missile Turret, Cyclone  
  86  8:35  Mag-Field Accelerator  
  86  8:38  Missile Turret  
  89  9:03  Cyclone  
  89  9:07  Cyclone, Factory  
  89  9:24  SCV x2, Orbital Command  
  91  9:41  Siege Tank  
  91  9:42  Siege Tank  
  97  10:00  Factory Tech Lab  
  97  10:03  Orbital Command  
  97  10:09  Infernal Pre-Igniter  
  97  10:12  SCV  
  97  10:13  Armory  
  98  10:14  Armory  
  98  10:17  Supply Depot  
  98  10:27  Siege Tank  
  98  10:28  Siege Tank, Cyclone  
  107  10:29  Hellion x2, SCV  
  107  10:30  SCV x2  
  114  10:42  Refinery  
  114  10:45  SCV x2, Refinery  
  114  10:46  Missile Turret  
  114  10:47  Factory  
  116  10:54  Hellion x2, SCV  
  121  10:57  SCV  
  121  10:58  SCV  
  121  11:01  Supply Depot  
  121  11:03  Supply Depot  
  123  11:05  Missile Turret, Supply Depot  
  123  11:08  Sensor Tower  
  123  11:09  SCV  
  123  11:10  SCV x2  
  126  11:12  Siege Tank  
  126  11:13  Siege Tank  
  126  11:15  Terran Vehicle Weapons Level 1  
  126  11:16  Terran Vehicle And Ship Armor Level 1, Supply Depot  
  126  11:17  Supply Depot  
  132  11:21  Hellion, SCV  
  132  11:23  SCV, Hellion  
  138  11:28  Command Center  
  138  11:30  Supply Depot  
  138  11:31  Factory Tech Lab  
  138  11:33  Siege Tank  
  138  11:38  Missile Turret  
  141  11:42  SCV  
  141  11:43  SCV  
  141  11:44  Siege Tank  
  146  11:50  Factory  
  146  11:55  Missile Turret  
  146  11:59  Cyclone  
  146  12:01  Cyclone, Hellion  
  146  12:02  Hellion  
  150  12:11  Missile Turret x2  
  153  12:27  Command Center  
  153  12:28  Missile Turret, Refinery  
  153  12:31  Refinery  
  149  12:38  SCV, Factory Tech Lab  
  119  12:45  Cyclone, Siege Tank, Hellion  
  119  12:46  Hellion  
  119  12:47  SCV  
  130  13:01  Missile Turret  
  124  13:12  Cyclone  
  123  13:13  Hellion  
  123  13:17  Cyclone  
  110  13:37  Siege Tank  
  110  13:38  Hellion  
  100  13:44  Cyclone  
  100  13:46  Hellion  
  105  13:49  Cyclone  
  105  13:53  Factory x2, Missile Turret  
  101  13:56  SCV x2  
  101  13:59  Planetary Fortress  
  101  14:00  Orbital Command, Missile Turret  
  103  14:08  SCV x2  
  103  14:09  Siege Tank  
  108  14:20  SCV x2, Command Center  
  110  14:30  Refinery  
  110  14:32  SCV x2  
  110  14:35  SCV  
  113  14:41  Command Center  
  113  14:44  SCV x2  
  115  14:48  SCV  
  115  14:50  Supply Depot  
  115  14:52  SCV  
  117  14:56  SCV x2  
  119  15:00  SCV, Cyclone  
  123  15:11  Cyclone, Siege Tank  
  127  15:21  Hellion  
  129  15:26  Hellion, SCV  
  130  15:33  Supply Depot  
Show
View Real Time Build Order
Export as new Build Order

ViruS Zerg - Winner!

Build Orders: Hatch First, Lurkers 

Get SALT Encoding   

  8  0:00  Drone  
  9  0:11  Drone  
  10  0:17  Drone  
  11  0:22  Drone  
  12  0:33  Overlord  
  12  0:52  Drone x3  
  15  1:11  Hatchery  
  15  1:15  Drone  
  15  1:19  Drone  
  15  1:23  Drone  
  17  1:37  Spawning Pool  
  16  1:41  Drone  
  16  1:43  Extractor  
  16  1:46  Drone  
  17  1:52  Drone  
  18  2:01  Drone  
  19  2:14  Overlord  
  19  2:24  Queen  
  19  2:25  Queen  
  19  2:26  Zergling x2  
  24  2:35  Zergling x2  
  25  2:49  Hatchery  
  24  2:53  Drone  
  24  2:57  Drone x2  
  27  3:04  Metabolic Boost  
  26  3:14  Drone x3  
  26  3:19  Overlord  
  29  3:28  Queen  
  31  3:40  Drone x3  
  31  3:41  Drone  
  35  3:43  Overlord  
  35  3:53  Drone x4  
  39  3:58  Drone  
  40  4:03  Zergling x2  
  40  4:05  Queen  
  40  4:06  Zergling x2  
  44  4:12  Zergling x6  
  44  4:15  Drone  
  48  4:20  Drone x2  
  48  4:24  Drone x2  
  52  4:31  Overlord x2  
  52  4:40  Lair  
  52  4:42  Evolution Chamber  
  51  4:49  Queen x2  
  55  4:57  Zergling x10  
  60  5:07  Overlord x2  
  60  5:09  Zerg Ground Armor Level 1  
  60  5:18  Overlord  
  60  5:25  Overlord  
  60  5:26  Drone  
  60  5:27  Drone x9  
  70  5:40  Spore Crawler  
  70  5:41  Overseer  
  63  5:50  Spore Crawler  
  63  5:52  Spore Crawler  
  63  5:53  Overseer  
  63  5:54  Queen  
  63  5:55  Queen x2  
  63  5:56  Overlord  
  67  5:57  Drone x3  
  67  5:58  Drone  
  71  6:08  Overlord  
  71  6:09  Drone x4  
  71  6:10  Drone x4  
  79  6:13  Extractor  
  79  6:14  Extractor  
  77  6:25  Zergling x8  
  81  6:27  Drone x4  
  81  6:28  Drone x2  
  87  6:33  Evolution Chamber  
  86  6:46  Extractor  
  85  6:50  Queen  
  83  7:03  Drone x5  
  83  7:04  Drone x6  
  94  7:09  Zerg Ground Armor Level 2, Zerg Missile Weapons Level 1  
  94  7:13  Hydralisk Den, Drone  
  94  7:14  Drone x4  
  98  7:16  Extractor x2  
  98  7:21  Spore Crawler  
  95  7:23  Drone x3  
  95  7:27  Hatchery  
  96  7:30  Spore Crawler  
  94  7:37  Overseer  
  94  7:46  Spine Crawler x2, Spore Crawler  
  94  7:50  Grooved Spines  
  91  7:58  Overlord x3  
  92  8:05  Drone x3  
  92  8:06  Spore Crawler  
  93  8:21  Infestation Pit  
  93  8:23  Drone x5, Hydralisk  
  93  8:24  Drone, Hydralisk x7  
  114  8:40  Spire, Muscular Augments, Spore Crawler x2  
  111  8:42  Spore Crawler  
  74  9:24  Hatchery  
  74  9:27  Hydralisk x2  
  74  9:28  Hydralisk x5  
  74  9:29  Queen x3  
  89  9:47  Corruptor x6  
  89  9:49  Overlord x2  
  89  9:50  Overlord  
  99  9:52  Overlord  
  99  10:02  Overlord  
  99  10:09  Corruptor  
  99  10:10  Corruptor x5  
  99  10:12  Zerg Flyer Weapons Level 1  
  111  10:19  Corruptor x2  
  115  10:30  Drone  
  115  10:31  Drone  
  115  10:34  Infestor x2  
  121  10:36  Hydralisk x2  
  121  10:39  Hydralisk x2  
  121  10:41  Hatchery  
  128  10:55  Extractor  
  127  11:00  Drone x5, Corruptor  
  127  11:01  Corruptor x2  
  127  11:03  Zergling x6, Hydralisk  
  143  11:16  Drone  
  143  11:17  Overlord x3  
  144  11:28  Zerg Missile Weapons Level 2  
  144  11:30  Hive  
  144  11:35  Overlord x2  
  144  11:38  Hydralisk x3  
  144  11:39  Hydralisk x3  
  156  11:48  Drone x3  
  156  11:49  Drone x6  
  165  12:09  Hydralisk x3  
  165  12:10  Hydralisk x3  
  165  12:14  Drone  
  165  12:15  Drone x4  
  182  12:17  Lurker Den  
  182  12:19  Drone x4, Extractor  
  184  12:36  Hydralisk x2  
  184  12:37  Hydralisk  
  182  12:48  Drone x5  
  182  12:50  Overlord x3, Extractor  
  186  12:58  Zergling x2  
  186  12:59  Zergling x2  
  186  13:00  Overlord x2  
  179  13:17  Viper x3  
  184  13:20  Zergling x2  
  184  13:21  Zergling x20  
  183  13:39  Zergling x10  
  183  13:40  Zergling x8  
  184  13:44  Hydralisk  
  171  14:04  Hydralisk  
  171  14:05  Hydralisk x3  
  179  14:27  Queen  
  179  14:30  Hatchery x2, Spine Crawler  
  179  14:31  Spine Crawler  
  177  14:32  Spine Crawler  
  177  14:34  Lurker x9  
  177  14:35  Lurker x2  
  187  14:39  Hydralisk x6  
  187  14:41  Zergling x2  
  187  14:43  Overlord  
  200  14:48  Extractor  
  200  14:52  Unknown  
Tags
 
Add a new tag
Caveats
  • Supply blocks, unpowered buildings, or Contaminate may cause inaccurate times.
  • Supply counts are checked every 10 seconds.